WCHLSIM.com - West Coast Hockey League
html PUBLIC "-//W3C//DTD XHTML 1.0 Transitional//EN" "http://www.w3.org/TR/xhtml1/DTD/xhtml1-transitional.dtd"> WCHL - Game 25 - PHOENIX MUSTANGS vs SEATTLE GRUNGE

PHOENIX MUSTANGS vs SEATTLE GRUNGE

Created - 15 novembre 2020 at 22:12

Goals
1 2 3 T
PHOENIX MUSTANGS 0 1 1 2
SEATTLE GRUNGE 2 0 2 4
Shots
1 2 3 T
PHOENIX MUSTANGS 6 9 8 23
SEATTLE GRUNGE 11 7 16 34

1st period

1. SEATTLE GRUNGE , Darnell Nurse 1 (Roman Josi 1, Jake Guentzel 1) at 1:22 (PP)
2. SEATTLE GRUNGE , Damon Severson 1 (Jake Guentzel 2, Mats Zuccarello 1) at 2:30

Penalties :
T.J. Oshie (PHX) for Holding Stick (Minor) at 0:06, Damon Severson (SEA) for Tripping (Minor) at 7:56

2nd period

3. PHOENIX MUSTANGS , Jay Bouwmeester 1 (Christian Dvorak 1, Teuvo Teravainen 1) at 15:03

Penalties :
Mats Zuccarello (SEA) for Cross-checking (Minor) at 4:10, Matthew Grzelcyk (SEA) for Slashing (Double Minor) at 9:09, Vladislav Namestnikov (SEA) for Delaying the game (Minor) at 15:08

3rd period

4. SEATTLE GRUNGE , Chris Tierney 1 (Roman Josi 2, Vladislav Namestnikov 1) at 0:30
5. SEATTLE GRUNGE , Josh Bailey 1 (Vladislav Namestnikov 2, Roman Josi 3) at 4:15
6. PHOENIX MUSTANGS , Andrew Copp 1 (Teuvo Teravainen 2, Christian Dvorak 2) at 14:15

Penalties :
Drew Doughty (PHX) for Holding (Minor) at 0:44, Damon Severson (SEA) for Interference (Minor) at 6:23, Jonas Brodin (PHX) for Hooking (Minor) at 14:44

Goalie Stats

Joonas Korpisalo (PHX), 22 saves from 26 shots - (0,846), L, 0-1-0, 44:15 minutes
Corey Crawford (PHX), 8 saves from 8 shots - (1,000), 15:45 minutes
Semyon Varlamov (SEA), 21 saves from 23 shots - (0,913), W, 1-1-0, 60:00 minutes

Players Stats for PHOENIX MUSTANGS

Player Name              G  A  P  +/- PIM S  H  SB GA TA FO     MP     PP MP  PK MP  
------------------------------------------------------------------------------------
Alexander Steen          0  0  0   0  0   1  0  0  0  0  0/0    10:23   0:05   0:00 
Andrew Copp              1  0  1   2  0   1  2  0  0  0  0/1    20:02   6:26   0:14 
Chris Terry              0  0  0   0  0   0  0  0  0  0  0/0     0:00   0:00   0:00 
Christian Dvorak         0  2  2   2  0   5  1  0  0  0  0/0    13:44   0:05   0:00 
Clayton Keller           0  0  0   0  0   0  0  0  0  0  4/13   10:23   0:05   0:00 
David Backes             0  0  0   0  0   0  1  0  0  0  0/0     3:52   0:00   0:00 
Dennis Cholowski         0  0  0   0  0   0  0  1  0  0  0/0    18:38   5:53   3:37 
Drew Doughty             0  0  0   2  2   1  5  0  0  0  0/0    18:03   0:05   1:42 
Erik Karlsson            0  0  0  -3  0   0  0  1  0  0  0/0    27:34   6:31   3:12 
Fredrik Claesson         0  0  0   0  0   0  0  0  0  0  0/0    10:56   0:05   0:00 
Jay Bouwmeester          1  0  1   2  0   1  0  1  0  0  0/0    19:28   5:19   0:00 
Jesper Fast              0  0  0   0  0   3  1  0  0  0  1/6    19:00   6:26   2:16 
Jonas Brodin             0  0  0  -3  2   2  2  1  0  0  0/0    25:19   5:57   1:57 
Jordan Greenway          0  0  0   0  0   0  0  0  0  0  0/2     3:52   0:00   0:00 
Kevin Hayes              0  0  0  -3  0   0  3  0  0  0  21/39  24:03   5:24   3:20 
Nicklas Backstrom        0  0  0  -3  0   2  0  1  0  0  2/4    22:37   5:24   1:54 
T.J. Oshie               0  0  0  -3  2   4  2  0  0  0  1/1    27:01   5:24   2:44 
Teuvo Teravainen         0  2  2   2  0   3  0  0  0  0  3/16   19:48   6:26   0:00 

Players Stats for SEATTLE GRUNGE

Player Name              G  A  P  +/- PIM S  H  SB GA TA FO     MP     PP MP  PK MP  
------------------------------------------------------------------------------------
Brian Boyle              0  0  0  -1  0   2  0  1  0  0  10/15  13:25   0:00   5:03 
Carl Hagelin             0  0  0  -1  0   0  1  0  0  0  0/1    10:21   0:00   1:59 
Chris Tierney            1  0  1   2  0   3  1  0  0  0  16/32  21:05   2:10   6:27 
Damon Severson           1  0  1   1  4   2  2  0  0  0  0/0    18:37   2:35   3:16 
Darnell Nurse            1  0  1   2  0   1  1  0  0  0  0/0    26:00   2:39   7:12 
Jake Guentzel            0  2  2   0  0   7  2  1  0  0  0/2    17:45   3:04   0:00 
Jason Spezza             0  0  0   0  0   0  0  0  0  0  4/5     7:20   0:00   0:00 
Josh Bailey              1  0  1   2  0   5  0  0  0  0  0/0    16:07   3:04   0:35 
Justin Schultz           0  0  0  -2  0   0  0  4  0  0  0/0    15:21   0:00   1:27 
Marcus Sorensen          0  0  0   0  0   0  0  1  0  0  0/0     7:20   0:00   0:00 
Mats Zuccarello          0  1  1   0  2   1  2  0  0  0  1/2    16:50   2:10   0:00 
Matthew Grzelcyk         0  0  0  -2  4   0  1  2  0  0  0/0    13:53   0:00   0:00 
Roman Josi               0  3  3   2  0   3  1  3  0  0  0/0    25:14   2:39   6:26 
Ryan Reaves              0  0  0   0  0   1  4  0  0  0  0/0     7:20   0:00   0:00 
Travis Sanheim           0  0  0   1  0   0  0  1  0  0  0/0    20:52   2:35   5:29 
Tyler Seguin             0  0  0   0  0   5  1  0  0  0  18/23  17:45   3:04   0:00 
Vladislav Namestnikov    0  2  2   2  2   3  3  0  0  0  0/0    19:20   2:10   4:43 
Wayne Simmonds           0  0  0  -1  0   1  0  0  0  0  1/2    13:25   0:00   5:03 

3 Stars

1 - Roman Josi (SEA)
2 - Chris Tierney (SEA)
3 - Darnell Nurse (SEA)

Power Play

PHOENIX MUSTANGS - 0 on 6 Attempt(s) - 0,00%
SEATTLE GRUNGE - 1 on 3 Attempt(s) - 33,33%

Penalty Kill

PHOENIX MUSTANGS - 2 on 3 Attempt(s) - 66,67% - Score 0 goal in Penalty Kill
SEATTLE GRUNGE - 6 on 6 Attempt(s) - 100,00% - Score 0 goal in Penalty Kill

Team Stat

PHOENIX MUSTANGS - Hits : 17 - Faceoff Wins : 32 - Blocked Shots : 5 - Penalty Minutes : 6
SEATTLE GRUNGE - Hits : 19 - Faceoff Wins : 50 - Blocked Shots : 13 - Penalty Minutes : 12

Official

Referees : Tim Peel and Chris Lee
Linesman : Vaughan Rody and Jeff Walker

Game Notes

Corey Crawford enters game at 4:15 of 3rd period

Finance

Level 1 -- Attendance: 6000 (100,00%) -- Ticket Income 720 000 $
Level 2 -- Attendance: 5000 (100,00%) -- Ticket Income 375 000 $
Level 3 -- Attendance: 2523 (84,10%) -- Ticket Income 138 765 $
Level 4 -- Attendance: 5000 (100,00%) -- Ticket Income 175 000 $
Luxury Box -- Attendance: 1000 (100,00%) -- Ticket Income 240 000 $
Total Attendance: 19523 (97,62%)
Total Ticket Income: 1 648 765 $
Other Income: 577 068 $
Total Income: 2 225 833 $

PHOENIX MUSTANGS

5 vs 5 Forward 
   Center                   Left Wing                Right Wing               Time % Phy DF OF 
 1 Kevin Hayes              Nicklas Backstrom        T.J. Oshie               40     1   2  2  
 2 Teuvo Teravainen         Andrew Copp              Christian Dvorak         31     1   2  2  
 3 Clayton Keller           Alexander Steen          Jesper Fast              24     1   2  2  
 4 Jordan Greenway          David Backes             T.J. Oshie               5      1   2  2  

5 vs 5 Defense 
   Defense                  Defense                                           Time % Phy DF OF 
 1 Erik Karlsson            Jonas Brodin                                      48     1   2  2  
 2 Drew Doughty             Jay Bouwmeester                                   37     1   2  2  
 3 Dennis Cholowski         Fredrik Claesson                                  15     1   2  2  
 4 Dennis Cholowski         Erik Karlsson                                     0      1   2  2  

PowerPlay Forward 
   Center                   Left Wing                Right Wing               Time % Phy DF OF 
 1 Kevin Hayes              Nicklas Backstrom        T.J. Oshie               55     1   1  3  
 2 Jesper Fast              Teuvo Teravainen         Andrew Copp              45     1   1  3  

PowerPlay Defense
   Defense                  Defense                                           Time % Phy DF OF 
 1 Erik Karlsson            Dennis Cholowski                                  55     1   2  2  
 2 Erik Karlsson            Jonas Brodin                                      45     1   2  2  

Penalty Kill 4 Players Forward 
   Center                   Wing                     Time % Phy DF OF 
 1 Kevin Hayes              T.J. Oshie               55     1   2  2  
 2 Nicklas Backstrom        Jesper Fast              45     1   2  2  

Penalty Kill 4 Players Defense
   Defense                  Defense                  Time % Phy DF OF 
 1 Erik Karlsson            Dennis Cholowski         55     1   2  2  
 2 Drew Doughty             Jonas Brodin             45     1   2  2  

Penalty Kill - 3 Players Forward 
   Forward                                           Time % Phy DF OF 
 1 T.J. Oshie                                        55     1   2  2  
 2 Kevin Hayes                                       45     1   2  2  

Penalty Kill - 3 Players Defense
   Defense                  Defense                  Time % Phy DF OF 
 1 Erik Karlsson            Jonas Brodin             55     1   2  2  
 2 Dennis Cholowski         Jay Bouwmeester          45     1   2  2  

4 vs 4 Forward 
   Center                   Wing                     Time % Phy DF OF 
 1 Kevin Hayes              T.J. Oshie               55     1   2  2  
 2 Jesper Fast              Nicklas Backstrom        45     1   2  2  

4 vs 4 Defense
   Defense                  Defense                  Time % Phy DF OF 
 1 Erik Karlsson            Dennis Cholowski         55     1   2  2  
 2 Drew Doughty             Jonas Brodin             45     1   2  2  

Last Minutes Offensive
   Center                   Left Wing                Right Wing               Defense                  Defense                  
   Kevin Hayes              Nicklas Backstrom        T.J. Oshie               Drew Doughty             Erik Karlsson            

Last Minutes Defensive
   Center                   Left Wing                Right Wing               Defense                  Defense                  
   Kevin Hayes              Nicklas Backstrom        T.J. Oshie               Jonas Brodin             Erik Karlsson            

Goaltenders
Starting : Joonas Korpisalo         
Backup : Corey Crawford           

Extra Forwards
Normal : Kevin Hayes, T.J. Oshie, Christian Dvorak - PP : Kevin Hayes, T.J. Oshie - PK : Jesper Fast
Extra Defensemen
Normal : Dennis Cholowski, Erik Karlsson, Fredrik Claesson - PP : Erik Karlsson - PK : Dennis Cholowski, Erik Karlsson
Penalty Shots
T.J. Oshie, Jesper Fast, Christian Dvorak, Clayton Keller, Kevin Hayes
Custom OT Lines Forwards
Christian Dvorak, Clayton Keller, Alexander Steen, Jordan Greenway, Kevin Hayes, David Backes, Nicklas Backstrom, Teuvo Teravainen, Jesper Fast, T.J. Oshie
Custom OT Lines Defensemen
Erik Karlsson, Jonas Brodin, Fredrik Claesson, Drew Doughty, Dennis Cholowski

Scratches
None

SEATTLE GRUNGE

5 vs 5 Forward 
   Center                   Left Wing                Right Wing               Time % Phy DF OF 
 1 Tyler Seguin             Jake Guentzel            Mats Zuccarello          37     1   2  2  
 2 Chris Tierney            Vladislav Namestnikov    Josh Bailey              31     1   2  2  
 3 Brian Boyle              Carl Hagelin             Wayne Simmonds           23     1   2  2  
 4 Jason Spezza             Marcus Sorensen          Ryan Reaves              9      1   2  2  

5 vs 5 Defense 
   Defense                  Defense                                           Time % Phy DF OF 
 1 Roman Josi               Darnell Nurse                                     45     1   2  2  
 2 Damon Severson           Travis Sanheim                                    35     1   2  2  
 3 Matthew Grzelcyk         Justin Schultz                                    20     1   2  2  
 4 Roman Josi               Darnell Nurse                                     0      1   2  2  

PowerPlay Forward 
   Center                   Left Wing                Right Wing               Time % Phy DF OF 
 1 Tyler Seguin             Jake Guentzel            Josh Bailey              55     1   2  2  
 2 Chris Tierney            Vladislav Namestnikov    Mats Zuccarello          45     1   2  2  

PowerPlay Defense
   Defense                  Defense                                           Time % Phy DF OF 
 1 Roman Josi               Darnell Nurse                                     55     1   2  2  
 2 Damon Severson           Travis Sanheim                                    45     1   2  2  

Penalty Kill 4 Players Forward 
   Center                   Wing                     Time % Phy DF OF 
 1 Chris Tierney            Vladislav Namestnikov    55     1   2  2  
 2 Brian Boyle              Wayne Simmonds           45     1   2  2  

Penalty Kill 4 Players Defense
   Defense                  Defense                  Time % Phy DF OF 
 1 Roman Josi               Darnell Nurse            55     1   2  2  
 2 Damon Severson           Travis Sanheim           45     1   2  2  

Penalty Kill - 3 Players Forward 
   Forward                                           Time % Phy DF OF 
 1 Chris Tierney                                     55     1   2  2  
 2 Brian Boyle                                       45     1   2  2  

Penalty Kill - 3 Players Defense
   Defense                  Defense                  Time % Phy DF OF 
 1 Roman Josi               Darnell Nurse            55     1   2  2  
 2 Damon Severson           Travis Sanheim           45     1   2  2  

4 vs 4 Forward 
   Center                   Wing                     Time % Phy DF OF 
 1 Tyler Seguin             Jake Guentzel            55     1   2  2  
 2 Josh Bailey              Mats Zuccarello          45     1   2  2  

4 vs 4 Defense
   Defense                  Defense                  Time % Phy DF OF 
 1 Roman Josi               Darnell Nurse            55     1   2  2  
 2 Damon Severson           Travis Sanheim           45     1   2  2  

Last Minutes Offensive
   Center                   Left Wing                Right Wing               Defense                  Defense                  
   Tyler Seguin             Jake Guentzel            Josh Bailey              Roman Josi               Darnell Nurse            

Last Minutes Defensive
   Center                   Left Wing                Right Wing               Defense                  Defense                  
   Tyler Seguin             Jake Guentzel            Josh Bailey              Roman Josi               Darnell Nurse            

Goaltenders
Starting : Semyon Varlamov          
Backup : Jimmy Howard             

Extra Forwards
Normal : Mats Zuccarello, Vladislav Namestnikov, Carl Hagelin - PP : Mats Zuccarello, Vladislav Namestnikov - PK : Carl Hagelin
Extra Defensemen
Normal : Matthew Grzelcyk, Justin Schultz, Damon Severson - PP : Matthew Grzelcyk - PK : Justin Schultz, Damon Severson
Penalty Shots
Jake Guentzel, Tyler Seguin, Josh Bailey, Mats Zuccarello, Vladislav Namestnikov
Custom OT Lines Forwards
Jake Guentzel, Tyler Seguin, Josh Bailey, Chris Tierney, Wayne Simmonds, Mats Zuccarello, Brian Boyle, Vladislav Namestnikov, Carl Hagelin, Jason Spezza
Custom OT Lines Defensemen
Roman Josi, Darnell Nurse, Damon Severson, Travis Sanheim, Matthew Grzelcyk

Scratches
Trevor Lewis (Healthy)

% Time on Ice - PHOENIX MUSTANGS

Lines # - Real PCT - Wanted PCT - Time Play
Normal Forward
1 - 36% - 40% - 15:19
2 - 31% - 31% - 13:22
3 - 24% - 24% - 10:18
4 - 9% - 5% - 3:52
Normal Defense
1 - 41% - 48% - 17:26
2 - 38% - 37% - 16:17
3 - 20% - 15% - 8:43
4 - 1% - 0% - 0:25
PP Forward
1 - 45% - 55% - 5:24
2 - 55% - 45% - 6:31
PP Defense
1 - 50% - 55% - 5:58
2 - 50% - 45% - 5:57
PK Forward
1 - 64% - 55% - 3:20
2 - 36% - 45% - 1:54
PK Defense
1 - 41% - 55% - 2:09
2 - 59% - 45% - 3:05
PK3 Forward
1 - 0% - 55%
2 - 0% - 45%
PK3 Defense
1 - 0% - 55%
2 - 0% - 45%
44 Forward
1 - 0% - 55%
2 - 0% - 45%
44 Defense
1 - 0% - 55%
2 - 0% - 45%
Last Minute Offensive  - 0:00
Last Minute Defensive  - 0:00
Total
Forward - 60:00
Defense - 60:00

% Time on Ice - SEATTLE GRUNGE

Lines # - Real PCT - Wanted PCT - Time Play
Normal Forward
1 - 34% - 37% - 14:41
2 - 29% - 31% - 12:28
3 - 20% - 23% - 8:22
4 - 17% - 9% - 7:20
Normal Defense
1 - 38% - 45% - 16:09
2 - 30% - 35% - 12:48
3 - 32% - 20% - 13:54
4 - 0% - 0% - 0:00
PP Forward
1 - 59% - 55% - 3:04
2 - 41% - 45% - 2:10
PP Defense
1 - 51% - 55% - 2:39
2 - 49% - 45% - 2:35
PK Forward
1 - 58% - 55% - 6:52
2 - 42% - 45% - 5:03
PK Defense
1 - 54% - 55% - 6:26
2 - 46% - 45% - 5:29
PK3 Forward
1 - 0% - 55%
2 - 0% - 45%
PK3 Defense
1 - 0% - 55%
2 - 0% - 45%
44 Forward
1 - 0% - 55%
2 - 0% - 45%
44 Defense
1 - 0% - 55%
2 - 0% - 45%
Last Minute Offensive  - 0:00
Last Minute Defensive  - 0:00
Total
Forward - 60:00
Defense - 60:00

Play-by-Play

1st period


0:01 of 1st period - Tyler Seguin wins face-off versus Kevin Hayes in neutral zone.
0:01 of 1st period - Jake Guentzel is hit by Kevin Hayes and loses puck.
0:06 of 1st period - Minor Penalty to T.J. Oshie for Holding Stick.
0:07 of 1st period - Tyler Seguin wins face-off versus Kevin Hayes in PHOENIX MUSTANGS zone.
0:08 of 1st period - Shot by Roman Josi.
0:08 of 1st period - Deflect By Jake Guentzel.
0:08 of 1st period - Stopped by Joonas Korpisalo without a rebound.
0:09 of 1st period - Nicklas Backstrom wins face-off versus Chris Tierney in PHOENIX MUSTANGS zone.
1:08 of 1st period - Shot by Jake Guentzel.
1:08 of 1st period - Stopped by Joonas Korpisalo without a rebound.
1:09 of 1st period - Kevin Hayes wins face-off versus Tyler Seguin in PHOENIX MUSTANGS zone.
1:18 of 1st period - Shot by Roman Josi.
1:18 of 1st period - Stopped by Joonas Korpisalo with a rebound.
1:20 of 1st period - Shot by Darnell Nurse.
1:20 of 1st period - Shot Misses the Net.
1:22 of 1st period - Shot by Darnell Nurse.
1:22 of 1st period - Goal by Darnell Nurse - PHOENIX MUSTANGS : 0 - SEATTLE GRUNGE : 1.
1:23 of 1st period - Teuvo Teravainen wins face-off versus Wayne Simmonds in neutral zone.
1:46 of 1st period - Shot by Brian Boyle.
1:46 of 1st period - Stopped by Joonas Korpisalo without a rebound.
1:47 of 1st period - Mats Zuccarello wins face-off versus Kevin Hayes in PHOENIX MUSTANGS zone.
1:56 of 1st period - Shot by Jake Guentzel.
1:56 of 1st period - Shot Misses the Net.
2:18 of 1st period - Shot by Jake Guentzel.
2:18 of 1st period - Shot Misses the Net.
2:28 of 1st period - Shot by Jake Guentzel.
2:28 of 1st period - Shot Misses the Net.
2:30 of 1st period - Shot by Damon Severson.
2:30 of 1st period - Goal by Damon Severson - PHOENIX MUSTANGS : 0 - SEATTLE GRUNGE : 2.
2:31 of 1st period - Clayton Keller wins face-off versus Chris Tierney in neutral zone.
3:03 of 1st period - Clayton Keller is hit by Darnell Nurse and loses puck.
4:29 of 1st period - Icing by Erik Karlsson.
4:30 of 1st period - Tyler Seguin wins face-off versus Kevin Hayes in PHOENIX MUSTANGS zone.
4:53 of 1st period - Shot by Jake Guentzel.
4:53 of 1st period - Shot Blocked by Erik Karlsson.
6:45 of 1st period - Shot by Teuvo Teravainen.
6:45 of 1st period - Stopped by Semyon Varlamov with a rebound.
6:51 of 1st period - Shot by Andrew Copp.
6:51 of 1st period - Shot Blocked by Justin Schultz.
6:53 of 1st period - Shot by Drew Doughty.
6:53 of 1st period - Shot Misses the Net.
7:03 of 1st period - Shot by Teuvo Teravainen.
7:03 of 1st period - Shot Blocked by Justin Schultz.
7:56 of 1st period - Minor Penalty to Damon Severson for Tripping.
7:57 of 1st period - Chris Tierney wins face-off versus Andrew Copp in SEATTLE GRUNGE zone.
9:14 of 1st period - Shot by Erik Karlsson.
9:14 of 1st period - Shot Blocked by Travis Sanheim.
9:16 of 1st period - Shot by Jonas Brodin.
9:16 of 1st period - Stopped by Semyon Varlamov without a rebound.
9:17 of 1st period - Kevin Hayes wins face-off versus Brian Boyle in SEATTLE GRUNGE zone.
10:10 of 1st period - Shot by Christian Dvorak.
10:10 of 1st period - Stopped by Semyon Varlamov with a rebound.
10:12 of 1st period - Shot by Christian Dvorak.
10:12 of 1st period - Stopped by Semyon Varlamov without a rebound.
10:13 of 1st period - Jason Spezza wins face-off versus Clayton Keller in SEATTLE GRUNGE zone.
10:26 of 1st period - Travis Sanheim is hit by Jesper Fast and loses puck.
11:03 of 1st period - Icing by Travis Sanheim.
11:04 of 1st period - Jason Spezza wins face-off versus Teuvo Teravainen in SEATTLE GRUNGE zone.
11:04 of 1st period - Jason Spezza is hit by Andrew Copp.
11:10 of 1st period - Erik Karlsson is hit by Ryan Reaves and loses puck.
11:35 of 1st period - Shot by Teuvo Teravainen.
11:35 of 1st period - Deflect By Christian Dvorak.
11:35 of 1st period - Stopped by Semyon Varlamov without a rebound.
11:36 of 1st period - Tyler Seguin wins face-off versus Kevin Hayes in SEATTLE GRUNGE zone.
11:47 of 1st period - Shot by Mats Zuccarello.
11:47 of 1st period - Shot Misses the Net.
11:49 of 1st period - Shot by Jake Guentzel.
11:49 of 1st period - Shot Misses the Net.
12:15 of 1st period - Shot by Mats Zuccarello.
12:15 of 1st period - Shot Blocked by Dennis Cholowski.
12:19 of 1st period - Shot by Jake Guentzel.
12:19 of 1st period - Stopped by Joonas Korpisalo without a rebound.
12:20 of 1st period - Chris Tierney wins face-off versus Teuvo Teravainen in PHOENIX MUSTANGS zone.
12:31 of 1st period - Shot by Vladislav Namestnikov.
12:31 of 1st period - Stopped by Joonas Korpisalo without a rebound.
12:32 of 1st period - Clayton Keller wins face-off versus Brian Boyle in PHOENIX MUSTANGS zone.
12:32 of 1st period - Clayton Keller is hit by Carl Hagelin.
13:12 of 1st period - Jesper Fast is hit by Roman Josi and loses puck.
13:16 of 1st period - Icing by Wayne Simmonds.
13:17 of 1st period - Brian Boyle wins face-off versus Kevin Hayes in SEATTLE GRUNGE zone.
14:58 of 1st period - Matthew Grzelcyk is hit by Drew Doughty and loses puck.
15:24 of 1st period - Ryan Reaves is hit by Drew Doughty and loses puck.
16:11 of 1st period - Shot by Wayne Simmonds.
16:11 of 1st period - Stopped by Joonas Korpisalo without a rebound.
16:12 of 1st period - Chris Tierney wins face-off versus Jordan Greenway in PHOENIX MUSTANGS zone.
16:13 of 1st period - Shot by Josh Bailey.
16:13 of 1st period - Shot Misses the Net.
16:21 of 1st period - Icing by Josh Bailey.
16:22 of 1st period - T.J. Oshie wins face-off versus Chris Tierney in SEATTLE GRUNGE zone.
16:39 of 1st period - Shot by Chris Tierney.
16:39 of 1st period - Shot Misses the Net.
17:23 of 1st period - Icing by Nicklas Backstrom.
17:24 of 1st period - Brian Boyle wins face-off versus Kevin Hayes in PHOENIX MUSTANGS zone.
18:17 of 1st period - Icing by Matthew Grzelcyk.
18:18 of 1st period - Tyler Seguin wins face-off versus Teuvo Teravainen in SEATTLE GRUNGE zone.
18:25 of 1st period - Icing by Jake Guentzel.
18:26 of 1st period - Tyler Seguin wins face-off versus Teuvo Teravainen in SEATTLE GRUNGE zone.
19:38 of 1st period - Shot by Alexander Steen.
19:38 of 1st period - Shot Misses the Net.
19:40 of 1st period - Shot by Alexander Steen.
19:40 of 1st period - Stopped by Semyon Varlamov without a rebound.
19:41 of 1st period - Chris Tierney wins face-off versus Jordan Greenway in SEATTLE GRUNGE zone.
19:41 of 1st period - Vladislav Namestnikov is hit by David Backes.
19:55 of 1st period - Shot by Josh Bailey.
19:55 of 1st period - Stopped by Joonas Korpisalo with a rebound.
19:57 of 1st period - Shot by Josh Bailey.
19:57 of 1st period - Stopped by Joonas Korpisalo without a rebound.
19:58 of 1st period - Brian Boyle wins face-off versus Clayton Keller in PHOENIX MUSTANGS zone.
Goals for this period are 0 for PHOENIX MUSTANGS vs 2 for SEATTLE GRUNGE.
Shots for this period are 6 for PHOENIX MUSTANGS vs 11 for SEATTLE GRUNGE.

2nd period


0:01 of 2nd period - Chris Tierney wins face-off versus Teuvo Teravainen in neutral zone.
0:01 of 2nd period - Chris Tierney is hit by Christian Dvorak.
0:07 of 2nd period - Shot by Josh Bailey.
0:07 of 2nd period - Stopped by Joonas Korpisalo with a rebound.
1:40 of 2nd period - Tyler Seguin is hit by Drew Doughty and loses puck.
1:53 of 2nd period - Shot by T.J. Oshie.
1:53 of 2nd period - Shot Blocked by Matthew Grzelcyk.
2:29 of 2nd period - Off-side.
2:30 of 2nd period - Chris Tierney wins face-off versus Clayton Keller in neutral zone.
3:38 of 2nd period - Shot by Tyler Seguin.
3:38 of 2nd period - Stopped by Joonas Korpisalo without a rebound.
3:39 of 2nd period - Brian Boyle wins face-off versus Teuvo Teravainen in PHOENIX MUSTANGS zone.
3:47 of 2nd period - Icing by Andrew Copp.
3:48 of 2nd period - Teuvo Teravainen wins face-off versus Mats Zuccarello in PHOENIX MUSTANGS zone.
3:48 of 2nd period - Teuvo Teravainen is hit by Tyler Seguin.
4:09 of 2nd period - Christian Dvorak is hit by Mats Zuccarello and loses puck.
4:10 of 2nd period - Minor Penalty to Mats Zuccarello for Cross-checking.
4:11 of 2nd period - Kevin Hayes wins face-off versus Chris Tierney in SEATTLE GRUNGE zone.
4:45 of 2nd period - Icing by Nicklas Backstrom.
4:46 of 2nd period - Kevin Hayes wins face-off versus Brian Boyle in PHOENIX MUSTANGS zone.
4:59 of 2nd period - Shot by Erik Karlsson.
4:59 of 2nd period - Shot Hit the Post.
6:39 of 2nd period - Shot by T.J. Oshie.
6:39 of 2nd period - Stopped by Semyon Varlamov with a rebound.
7:21 of 2nd period - Shot by Jake Guentzel.
7:21 of 2nd period - Stopped by Joonas Korpisalo without a rebound.
7:22 of 2nd period - Brian Boyle wins face-off versus Teuvo Teravainen in PHOENIX MUSTANGS zone.
7:27 of 2nd period - Shot by Roman Josi.
7:27 of 2nd period - Shot Blocked by Jonas Brodin.
8:18 of 2nd period - Shot by Jesper Fast.
8:18 of 2nd period - Shot Misses the Net.
8:20 of 2nd period - Shot by Drew Doughty.
8:20 of 2nd period - Stopped by Semyon Varlamov without a rebound.
8:21 of 2nd period - Tyler Seguin wins face-off versus Clayton Keller in SEATTLE GRUNGE zone.
8:42 of 2nd period - Shot by Tyler Seguin.
8:42 of 2nd period - Deflect By Jake Guentzel.
8:42 of 2nd period - Shot Misses the Net.
8:44 of 2nd period - Shot by Tyler Seguin.
8:44 of 2nd period - Stopped by Joonas Korpisalo without a rebound.
8:45 of 2nd period - Kevin Hayes wins face-off versus Chris Tierney in PHOENIX MUSTANGS zone.
8:45 of 2nd period - Nicklas Backstrom is hit by Vladislav Namestnikov and loses puck.
9:09 of 2nd period - Double Minor Penalty to Matthew Grzelcyk for Slashing.
9:10 of 2nd period - Jesper Fast wins face-off versus Chris Tierney in SEATTLE GRUNGE zone.
9:25 of 2nd period - Shot by Andrew Copp.
9:25 of 2nd period - Deflect By Teuvo Teravainen.
9:25 of 2nd period - Stopped by Semyon Varlamov with a rebound.
10:35 of 2nd period - Icing by T.J. Oshie.
10:36 of 2nd period - Kevin Hayes wins face-off versus Chris Tierney in PHOENIX MUSTANGS zone.
10:56 of 2nd period - Nicklas Backstrom is hit by Damon Severson and loses puck.
11:17 of 2nd period - Shot by Andrew Copp.
11:17 of 2nd period - Shot Misses the Net.
11:51 of 2nd period - Icing by Kevin Hayes.
11:52 of 2nd period - Brian Boyle wins face-off versus Kevin Hayes in PHOENIX MUSTANGS zone.
11:53 of 2nd period - Shot by Roman Josi.
11:53 of 2nd period - Shot Blocked by Jay Bouwmeester.
12:23 of 2nd period - Shot by Vladislav Namestnikov.
12:23 of 2nd period - Stopped by Joonas Korpisalo without a rebound.
12:24 of 2nd period - Chris Tierney wins face-off versus Jesper Fast in PHOENIX MUSTANGS zone.
13:21 of 2nd period - Shot by T.J. Oshie.
13:21 of 2nd period - Shot Blocked by Matthew Grzelcyk.
13:23 of 2nd period - Shot by T.J. Oshie.
13:23 of 2nd period - Stopped by Semyon Varlamov without a rebound.
13:24 of 2nd period - Jason Spezza wins face-off versus Clayton Keller in SEATTLE GRUNGE zone.
13:53 of 2nd period - Clayton Keller is hit by Ryan Reaves and loses puck.
14:43 of 2nd period - Shot by Teuvo Teravainen.
14:43 of 2nd period - Shot Blocked by Justin Schultz.
14:45 of 2nd period - Shot by Teuvo Teravainen.
14:45 of 2nd period - Shot Misses the Net.
14:47 of 2nd period - Shot by Andrew Copp.
14:47 of 2nd period - Deflect By Teuvo Teravainen.
14:47 of 2nd period - Shot Blocked by Jake Guentzel.
14:57 of 2nd period - Shot by Christian Dvorak.
14:57 of 2nd period - Stopped by Semyon Varlamov with a rebound.
14:59 of 2nd period - Shot by Teuvo Teravainen.
14:59 of 2nd period - Shot Misses the Net.
15:01 of 2nd period - Shot by Christian Dvorak.
15:01 of 2nd period - Stopped by Semyon Varlamov with a rebound.
15:03 of 2nd period - Shot by Jay Bouwmeester.
15:03 of 2nd period - Goal by Jay Bouwmeester - PHOENIX MUSTANGS : 1 - SEATTLE GRUNGE : 2.
15:04 of 2nd period - Kevin Hayes wins face-off versus Chris Tierney in neutral zone.
15:04 of 2nd period - T.J. Oshie is hit by Chris Tierney and loses puck.
15:08 of 2nd period - Minor Penalty to Vladislav Namestnikov for Delaying the game.
15:09 of 2nd period - Kevin Hayes wins face-off versus Carl Hagelin in SEATTLE GRUNGE zone.
15:18 of 2nd period - Shot by Nicklas Backstrom.
15:18 of 2nd period - Shot Blocked by Roman Josi.
15:20 of 2nd period - Shot by Nicklas Backstrom.
15:20 of 2nd period - Shot Blocked by Roman Josi.
15:22 of 2nd period - Shot by Jonas Brodin.
15:22 of 2nd period - Stopped by Semyon Varlamov without a rebound.
15:23 of 2nd period - Kevin Hayes wins face-off versus Chris Tierney in SEATTLE GRUNGE zone.
15:52 of 2nd period - Shot by Erik Karlsson.
15:52 of 2nd period - Shot Blocked by Roman Josi.
15:54 of 2nd period - Shot by Nicklas Backstrom.
15:54 of 2nd period - Stopped by Semyon Varlamov without a rebound.
15:55 of 2nd period - Brian Boyle wins face-off versus Jesper Fast in SEATTLE GRUNGE zone.
17:32 of 2nd period - T.J. Oshie is hit by Matthew Grzelcyk and loses puck.
18:06 of 2nd period - Christian Dvorak is hit by Ryan Reaves and loses puck.
18:13 of 2nd period - Shot by Ryan Reaves.
18:13 of 2nd period - Stopped by Joonas Korpisalo with a rebound.
18:32 of 2nd period - Off-side.
18:33 of 2nd period - Clayton Keller wins face-off versus Chris Tierney in neutral zone.
18:35 of 2nd period - Jesper Fast is hit by Vladislav Namestnikov and loses puck.
18:40 of 2nd period - Jonas Brodin is hit by Vladislav Namestnikov and loses puck.
18:45 of 2nd period - Shot by Vladislav Namestnikov.
18:45 of 2nd period - Stopped by Joonas Korpisalo without a rebound.
18:46 of 2nd period - Kevin Hayes wins face-off versus Brian Boyle in PHOENIX MUSTANGS zone.
19:00 of 2nd period - Icing by Wayne Simmonds.
19:01 of 2nd period - Clayton Keller wins face-off versus Brian Boyle in SEATTLE GRUNGE zone.
19:14 of 2nd period - Off-side.
19:15 of 2nd period - Kevin Hayes wins face-off versus Chris Tierney in neutral zone.
19:20 of 2nd period - Shot by Nicklas Backstrom.
19:20 of 2nd period - Shot Misses the Net.
19:43 of 2nd period - Icing by Kevin Hayes.
19:44 of 2nd period - Kevin Hayes wins face-off versus Tyler Seguin in PHOENIX MUSTANGS zone.
19:44 of 2nd period - Kevin Hayes is hit by Mats Zuccarello.
19:50 of 2nd period - Roman Josi is hit by T.J. Oshie and loses puck.
Goals for this period are 1 for PHOENIX MUSTANGS vs 0 for SEATTLE GRUNGE.
Shots for this period are 9 for PHOENIX MUSTANGS vs 7 for SEATTLE GRUNGE.

3rd period


0:01 of 3rd period - Chris Tierney wins face-off versus Kevin Hayes in neutral zone.
0:23 of 3rd period - Vladislav Namestnikov is hit by Jonas Brodin and loses puck.
0:30 of 3rd period - Shot by Chris Tierney.
0:30 of 3rd period - Goal by Chris Tierney - PHOENIX MUSTANGS : 1 - SEATTLE GRUNGE : 3.
0:31 of 3rd period - Tyler Seguin wins face-off versus Teuvo Teravainen in neutral zone.
0:36 of 3rd period - Shot by Jake Guentzel.
0:36 of 3rd period - Stopped by Joonas Korpisalo without a rebound.
0:37 of 3rd period - Tyler Seguin wins face-off versus Teuvo Teravainen in PHOENIX MUSTANGS zone.
0:43 of 3rd period - Jake Guentzel is hit by Drew Doughty.
0:44 of 3rd period - Minor Penalty to Drew Doughty for Holding.
0:45 of 3rd period - Tyler Seguin wins face-off versus Kevin Hayes in PHOENIX MUSTANGS zone.
1:08 of 3rd period - Shot by Roman Josi.
1:08 of 3rd period - Shot Misses the Net.
1:14 of 3rd period - Shot by Tyler Seguin.
1:14 of 3rd period - Stopped by Joonas Korpisalo with a rebound.
1:16 of 3rd period - Shot by Tyler Seguin.
1:16 of 3rd period - Stopped by Joonas Korpisalo without a rebound.
1:17 of 3rd period - Chris Tierney wins face-off versus Kevin Hayes in PHOENIX MUSTANGS zone.
1:24 of 3rd period - Shot by Chris Tierney.
1:24 of 3rd period - Stopped by Joonas Korpisalo without a rebound.
1:25 of 3rd period - Kevin Hayes wins face-off versus Chris Tierney in PHOENIX MUSTANGS zone.
1:35 of 3rd period - Off-side.
1:36 of 3rd period - Kevin Hayes wins face-off versus Jake Guentzel in neutral zone.
1:55 of 3rd period - Shot by Roman Josi.
1:55 of 3rd period - Stopped by Joonas Korpisalo without a rebound.
1:56 of 3rd period - Nicklas Backstrom wins face-off versus Chris Tierney in PHOENIX MUSTANGS zone.
2:07 of 3rd period - Shot by Damon Severson.
2:07 of 3rd period - Shot Misses the Net.
2:09 of 3rd period - Shot by Damon Severson.
2:09 of 3rd period - Stopped by Joonas Korpisalo without a rebound.
2:10 of 3rd period - Kevin Hayes wins face-off versus Tyler Seguin in PHOENIX MUSTANGS zone.
2:10 of 3rd period - Kevin Hayes is hit by Jake Guentzel.
3:51 of 3rd period - Shot by Nicklas Backstrom.
3:51 of 3rd period - Stopped by Semyon Varlamov without a rebound.
3:52 of 3rd period - Kevin Hayes wins face-off versus Chris Tierney in SEATTLE GRUNGE zone.
4:13 of 3rd period - Shot by Vladislav Namestnikov.
4:13 of 3rd period - Shot Blocked by Nicklas Backstrom.
4:15 of 3rd period - Shot by Josh Bailey.
4:15 of 3rd period - Goal by Josh Bailey - PHOENIX MUSTANGS : 1 - SEATTLE GRUNGE : 4.
4:15 of 3rd period - Corey Crawford enters game.
4:16 of 3rd period - Tyler Seguin wins face-off versus Clayton Keller in neutral zone.
4:58 of 3rd period - Shot by Jake Guentzel.
4:58 of 3rd period - Stopped by Corey Crawford without a rebound.
4:59 of 3rd period - Chris Tierney wins face-off versus Kevin Hayes in PHOENIX MUSTANGS zone.
5:45 of 3rd period - Roman Josi is hit by T.J. Oshie.
6:04 of 3rd period - Icing by Erik Karlsson.
6:05 of 3rd period - Kevin Hayes wins face-off versus Jake Guentzel in PHOENIX MUSTANGS zone.
6:09 of 3rd period - Erik Karlsson is hit by Damon Severson and loses puck.
6:23 of 3rd period - Minor Penalty to Damon Severson for Interference.
6:24 of 3rd period - Brian Boyle wins face-off versus Jesper Fast in SEATTLE GRUNGE zone.
6:43 of 3rd period - Shot by Jesper Fast.
6:43 of 3rd period - Shot Misses the Net.
8:00 of 3rd period - Shot by Jesper Fast.
8:00 of 3rd period - Stopped by Semyon Varlamov with a rebound.
8:02 of 3rd period - Shot by Jesper Fast.
8:02 of 3rd period - Shot Misses the Net.
8:04 of 3rd period - Shot by Teuvo Teravainen.
8:04 of 3rd period - Stopped by Semyon Varlamov without a rebound.
8:05 of 3rd period - Chris Tierney wins face-off versus Jesper Fast in SEATTLE GRUNGE zone.
9:01 of 3rd period - Icing by Jake Guentzel.
9:02 of 3rd period - Tyler Seguin wins face-off versus Jesper Fast in SEATTLE GRUNGE zone.
10:17 of 3rd period - Shot by Chris Tierney.
10:17 of 3rd period - Stopped by Corey Crawford without a rebound.
10:18 of 3rd period - Brian Boyle wins face-off versus Teuvo Teravainen in PHOENIX MUSTANGS zone.
10:23 of 3rd period - Shot by Brian Boyle.
10:23 of 3rd period - Stopped by Corey Crawford without a rebound.
10:24 of 3rd period - Kevin Hayes wins face-off versus Tyler Seguin in PHOENIX MUSTANGS zone.
11:43 of 3rd period - Shot by Josh Bailey.
11:43 of 3rd period - Stopped by Corey Crawford without a rebound.
11:44 of 3rd period - Brian Boyle wins face-off versus Clayton Keller in PHOENIX MUSTANGS zone.
12:04 of 3rd period - Shot by Jesper Fast.
12:04 of 3rd period - Stopped by Semyon Varlamov without a rebound.
12:05 of 3rd period - Chris Tierney wins face-off versus Teuvo Teravainen in SEATTLE GRUNGE zone.
12:05 of 3rd period - Chris Tierney is hit by Andrew Copp.
12:24 of 3rd period - Icing by Darnell Nurse.
12:25 of 3rd period - Kevin Hayes wins face-off versus Chris Tierney in SEATTLE GRUNGE zone.
12:34 of 3rd period - Shot by T.J. Oshie.
12:34 of 3rd period - Stopped by Semyon Varlamov without a rebound.
12:35 of 3rd period - Tyler Seguin wins face-off versus Kevin Hayes in SEATTLE GRUNGE zone.
12:39 of 3rd period - Off-side.
12:40 of 3rd period - Tyler Seguin wins face-off versus Kevin Hayes in neutral zone.
13:20 of 3rd period - Shot by Mats Zuccarello.
13:20 of 3rd period - Stopped by Corey Crawford without a rebound.
13:21 of 3rd period - Chris Tierney wins face-off versus Teuvo Teravainen in PHOENIX MUSTANGS zone.
13:32 of 3rd period - Shot by Josh Bailey.
13:32 of 3rd period - Shot Hit the Post.
13:39 of 3rd period - Icing by Jay Bouwmeester.
13:40 of 3rd period - Wayne Simmonds wins face-off versus Teuvo Teravainen in PHOENIX MUSTANGS zone.
13:44 of 3rd period - Brian Boyle is hit by Drew Doughty and loses puck.
13:51 of 3rd period - Shot by Teuvo Teravainen.
13:51 of 3rd period - Shot Blocked by Brian Boyle.
13:53 of 3rd period - Shot by Andrew Copp.
13:53 of 3rd period - Shot Misses the Net.
14:13 of 3rd period - Shot by Teuvo Teravainen.
14:13 of 3rd period - Shot Misses the Net.
14:15 of 3rd period - Shot by Andrew Copp.
14:15 of 3rd period - Goal by Andrew Copp - PHOENIX MUSTANGS : 2 - SEATTLE GRUNGE : 4.
14:16 of 3rd period - Chris Tierney wins face-off versus Kevin Hayes in neutral zone.
14:38 of 3rd period - Vladislav Namestnikov is hit by Jonas Brodin and loses puck.
14:44 of 3rd period - Minor Penalty to Jonas Brodin for Hooking.
14:45 of 3rd period - Kevin Hayes wins face-off versus Tyler Seguin in PHOENIX MUSTANGS zone.
14:45 of 3rd period - Kevin Hayes is hit by Jake Guentzel.
14:54 of 3rd period - Icing by Josh Bailey.
14:55 of 3rd period - Tyler Seguin wins face-off versus Kevin Hayes in SEATTLE GRUNGE zone.
14:59 of 3rd period - Off-side.
15:00 of 3rd period - Kevin Hayes wins face-off versus Chris Tierney in neutral zone.
15:03 of 3rd period - Chris Tierney is hit by Kevin Hayes and loses puck.
15:43 of 3rd period - Shot by Roman Josi.
15:43 of 3rd period - Stopped by Corey Crawford without a rebound.
15:44 of 3rd period - Tyler Seguin wins face-off versus Nicklas Backstrom in PHOENIX MUSTANGS zone.
15:47 of 3rd period - Shot by Jake Guentzel.
15:47 of 3rd period - Deflect By Tyler Seguin.
15:47 of 3rd period - Stopped by Corey Crawford without a rebound.
15:48 of 3rd period - Tyler Seguin wins face-off versus Nicklas Backstrom in PHOENIX MUSTANGS zone.
17:21 of 3rd period - Icing by Jonas Brodin.
17:22 of 3rd period - Teuvo Teravainen wins face-off versus Jason Spezza in PHOENIX MUSTANGS zone.
17:50 of 3rd period - Icing by Justin Schultz.
17:51 of 3rd period - Jason Spezza wins face-off versus Kevin Hayes in SEATTLE GRUNGE zone.
17:51 of 3rd period - Jason Spezza is hit by Kevin Hayes.
17:59 of 3rd period - Nicklas Backstrom is hit by Ryan Reaves and loses puck.
18:06 of 3rd period - Shot by Dennis Cholowski.
18:06 of 3rd period - Shot Blocked by Marcus Sorensen.
18:08 of 3rd period - Shot by Dennis Cholowski.
18:08 of 3rd period - Shot Blocked by Justin Schultz.
18:34 of 3rd period - Shot by T.J. Oshie.
18:34 of 3rd period - Stopped by Semyon Varlamov without a rebound.
18:35 of 3rd period - Tyler Seguin wins face-off versus Clayton Keller in SEATTLE GRUNGE zone.
18:40 of 3rd period - Shot by Jake Guentzel.
18:40 of 3rd period - Stopped by Corey Crawford without a rebound.
18:41 of 3rd period - Chris Tierney wins face-off versus Clayton Keller in PHOENIX MUSTANGS zone.
19:00 of 3rd period - Shot by Josh Bailey.
19:00 of 3rd period - Shot Misses the Net.
19:16 of 3rd period - Shot by Josh Bailey.
19:16 of 3rd period - Shot Misses the Net.
19:24 of 3rd period - Shot by Jesper Fast.
19:24 of 3rd period - Stopped by Semyon Varlamov with a rebound.
19:26 of 3rd period - Shot by Jay Bouwmeester.
19:26 of 3rd period - Shot Misses the Net.
19:33 of 3rd period - Icing by Roman Josi.
19:34 of 3rd period - Chris Tierney wins face-off versus Kevin Hayes in SEATTLE GRUNGE zone.
Goals for this period are 1 for PHOENIX MUSTANGS vs 2 for SEATTLE GRUNGE.
Shots for this period are 8 for PHOENIX MUSTANGS vs 16 for SEATTLE GRUNGE.


SEBASTIAN
AHO
MARK
SCHEIFELE
JAKE
OETTINGER

EAST COAST

HOCKEY LEAGUE

  • 17.QUE3CHI2
  • 18.CHA2LIM4
  • 19.TRV3LON2
  • 20.CHW1BAL2
  • 21.PITMAN
  • 22.ATLNHW
  • 23.WORPET
  • 24.RHI